Map: Terraform LE (Void)

Players

Javert

  • Race: Zerg Zerg
  • League: Grandmaster

Overkill - Winner!

  • Race: Protoss Protoss
  • League: Gold

VOD

Have the link to the VOD?

Description

Time

  • Played on: Sept. 21, 2015, 6:31 p.m.
  • Length: 9:11
Show
View Real Time Build Order
Export as new Build Order

Javert Zerg 

Build Orders: Pool First 

Get SALT Encoding   

  12  0:01  Drone  
  13  0:14  Overlord  
  13  0:19  Drone  
  14  0:33  Drone x2  
  16  0:40  Drone  
  17  0:50  Drone  
  18  1:00  Drone, Spawning Pool  
  18  1:20  Hatchery  
  17  1:39  Hatchery  
  16  1:42  Drone  
  16  1:43  Extractor  
  16  1:48  Zergling x2  
  16  1:49  Zergling x2  
  18  2:00  Queen  
  20  2:04  Overlord  
  20  2:15  Drone x2  
  22  2:35  Queen  
  24  2:48  Drone  
  25  3:08  Metabolic Boost  
  25  3:21  Queen  
  25  3:24  Drone x5  
  32  3:31  Queen  
  34  3:45  Drone x5  
  34  3:46  Drone  
  39  4:01  Overlord x2  
  39  4:06  Baneling Nest  
  39  4:08  Zergling x2  
  39  4:09  Zergling x6  
  42  4:20  Zergling x2  
  42  4:21  Zergling x18  
  52  4:29  Extractor  
  51  4:41  Spine Crawler x2  
  51  4:42  Spine Crawler, Zergling x2  
  51  4:43  Zergling x10  
  54  4:49  Queen  
  56  4:59  Baneling  
  56  5:00  Baneling x9  
  45  5:32  Zergling x16  
  45  5:33  Zergling x14  
  53  5:47  Zergling x8  
  53  5:48  Zergling x4  
  49  6:09  Overlord x2  
  49  6:18  Baneling x3  
  49  6:19  Baneling x14  
  49  6:39  Zergling x18  
  48  6:57  Zergling x2  
  48  6:58  Zergling x4  
  49  7:14  Zergling x2  
  49  7:15  Zergling x10  
  55  7:19  Baneling  
  55  7:20  Baneling x12  
  55  7:32  Queen  
  55  7:33  Drone  
  55  7:34  Drone x4  
  39  8:07  Zergling x2  
  39  8:08  Zergling x16  
  48  8:20  Spine Crawler  
  48  8:21  Spine Crawler  
  48  8:22  Spine Crawler  
  48  8:24  Zergling x2  
  48  8:25  Zergling x4  
  48  8:34  Baneling x6  
  48  8:48  Zergling x16  
  46  8:49  Zergling x2  
Show
View Real Time Build Order
Export as new Build Order

Overkill Protoss - Winner!

Build Orders: 1 Gate Expand 

Get SALT Encoding   

  12  0:01  Probe (Chrono Boost)  
  13  0:11  Probe (Chrono Boost)  
  14  0:19  Pylon  
  14  0:22  Probe (Chrono Boost)  
  15  0:37  Gateway  
  15  0:38  Probe (Chrono Boost)  
  16  0:48  Probe (Chrono Boost)  
  17  0:58  Probe (Chrono Boost)  
  18  1:23  Nexus  
  18  1:28  Zealot  
  18  1:32  Probe (Chrono Boost)  
  21  1:33  Pylon  
  21  1:41  Assimilator  
  21  1:49  Probe (Chrono Boost)  
  21  1:50  Cybernetics Core  
  22  1:56  Assimilator  
  22  2:03  Probe (Chrono Boost)  
  23  2:08  Gateway  
  23  2:18  Pylon  
  23  2:20  Zealot  
  25  2:33  Forge  
  25  2:39  Mothership Core (Chrono Boost)  
  27  2:46  Probe (Chrono Boost)  
  28  2:54  Stalker  
  28  2:56  Probe (Chrono Boost)  
  31  3:02  Probe (Chrono Boost)  
  32  3:06  Probe (Chrono Boost)  
  32  3:08  Sentry  
  35  3:13  Assimilator  
  35  3:18  Probe x2 (Chrono Boost)  
  35  3:19  Warp Gate (Chrono Boost)  
  37  3:34  Probe (Chrono Boost)  
  37  3:35  Probe (Chrono Boost)  
  39  3:44  Probe x2 (Chrono Boost)  
  41  3:52  Zealot  
  41  3:54  Probe x2 (Chrono Boost)  
  45  3:57  Robotics Facility  
  45  4:04  Probe x2 (Chrono Boost)  
  47  4:13  Probe (Chrono Boost)  
  47  4:14  Probe (Chrono Boost)  
  49  4:22  Probe  
  49  4:23  Gateway  
  49  4:26  Probe  
  49  4:28  Stargate  
  51  4:32  Probe  
  51  4:35  Assimilator  
  51  4:37  Sentry  
  54  4:44  Pylon  
  54  4:59  Probe  
  54  5:02  Probe, Immortal  
  54  5:04  Pylon  
  60  5:08  Pylon  
  58  5:32  Zealot  
  58  5:33  Zealot  
  58  5:48  Zealot  
  58  5:49  Pylon, Zealot  
  58  5:53  Pylon  
  50  5:57  Gateway  
  50  6:02  Immortal  
  51  6:10  Pylon  
  51  6:15  Sentry  
  51  6:16  Sentry  
  55  6:23  Gateway  
  55  6:25  Gateway  
  55  6:28  Gateway  
  55  6:30  Gateway  
  55  6:32  Stalker  
  57  6:33  Gateway  
  57  6:36  Gateway, Pylon  
  57  6:39  Gateway  
  57  6:41  Zealot x2  
  57  6:55  Void Ray (Chrono Boost)  
  57  6:57  Zealot  
  57  6:59  Immortal (Chrono Boost)  
  67  7:05  Zealot  
  69  7:23  Zealot  
  69  7:28  Sentry x2  
  69  7:29  Stalker x2, Zealot x2  
  83  7:37  Observer (Chrono Boost)  
  83  7:40  Zealot  
  83  7:41  Zealot  
  88  7:51  Zealot x3  
  73  7:52  Zealot  
  73  7:54  Immortal (Chrono Boost)  
  69  7:59  Zealot  
  69  8:00  Zealot x2  
  69  8:01  Zealot  
  71  8:11  Stalker x2  
  71  8:13  Sentry  
  73  8:26  Immortal (Chrono Boost)  
  73  8:28  Sentry x4  
  85  9:00  Stalker  
Tags
 
Add a new tag
Caveats
  • Supply blocks, unpowered buildings, or Contaminate may cause inaccurate times.
  • Supply counts are checked every 10 seconds.